AoeStats
← Manco Cápac

Hideout

507761863Analyzed
1v1 RM · 13d ago on Sep 19, 2026· 42m 53s· 2 players
Game mode
Random Map
Map size
Tiny (2 player)
Population
200
Speed
Normal
Resources
Standard
Victory
Conquest
Starting age
Dark Age
Ending age
Imperial Age
RankedLock teamsTeams togetherTeam positionsShared explorationLock speedFull tech treeHidden civsTurbo modeCheats
Victory
Defeat
🇨🇴 Sicilians · Colombia
1220
+17
🇩🇪 Saracens · Germany
1232
-17
Manco Cápac
6:49 Loom
11:05 Feudal Age
12:39 Horse Collar
15:22 Fletching
21:50 Castle Age
23:24 Wheelbarrow
24:40 Town Watch
27:42 Ballistics
31:42 Imperial Age
29:27 Gold Mining
29:36 Double-Bit Axe
34:25 Arrowslits
35:13 Bodkin Arrow
36:27 Bracer
38:31 Chemistry
39:32 Hand Cart
43:05 Forging
43:03 Scale Barding Armor
42:34 Elite Serjeant
Samoth358
10:07 Feudal Age
8:23 Loom
14:50 Castle Age
16:27 Double-Bit Axe
20:40 Horse Collar
24:38 Fletching
27:40 Forging
29:08 Bow Saw
30:24 Wheelbarrow
29:35 Town Watch
30:41 Iron Casting
33:03 Scale Barding Armor
33:28 Heavy Plow
34:51 Chain Barding Armor
36:16 Husbandry
36:28 Bloodlines
36:31 Light Cavalry
40:56 Imperial Age
Connection lost

Rejoining the realm…

Still unreachable

The connection could not be restored.

Session expired

The server has moved on; the page needs a fresh start.